 Dungeon Crawl Stone Soup version 0.19-a0-805-g0a78ef0 (webtiles) character file.

65 Musica the Skirmisher (level 3, 0/35 HPs)
             Began as a Draconian Abyssal Knight on June 27, 2016.
             Was a Believer of Lugonu.
             Killed by divine providence
             ... invoked by an orc priest
              (13 damage)
             ... on level 3 of the Dungeon.
             The game lasted 00:03:11 (1575 turns).

Musica the Skirmisher (Draconian Abyssal Knight)    Turns: 1575, Time: 00:03:12

Health: 0/35       AC:  5    Str: 14    XL:     3   Next: 92%
Magic:  4/4        EV: 12    Int: 12    God:    Lugonu [**....]
Gold:   127        SH:  0    Dex: 11    Spells: 0 memorised, 2 levels left

rFire  . . .     SeeInvis .     a - +1 falchion
rCold  . . .     Gourm    .     (armour unavailable)
rNeg   . . .     Faith    .     (no shield)
rPois  .         Spirit   .     (helmet restricted)
rElec  .         Dismiss  .     (no cloak)
rCorr  .         Reflect  .     (no gloves)
SustAt .         Harm     .     (no boots)
MR     .....                    (no amulet)
Stlth  +.........               (no ring)
                                (no ring)

@: not resistant to hostile enchantments, very unstealthy
A: unfitting armour, cold-blooded, AC +5
a: Depart the Abyss, Bend Space, Renounce Religion


You were on level 3 of the Dungeon.
You worshipped Lugonu.
Lugonu was pleased with you.
You were very hungry.

You visited 1 branch of the dungeon, and saw 3 of its levels.
You visited the Abyss 1 time.

You collected 127 gold pieces.

Inventory:

Hand Weapons
 a - a +1 falchion (weapon)
Scrolls
 e - a scroll of fog
 f - 4 scrolls of identify
 h - a scroll of remove curse
 i - a scroll of random uselessness
Potions
 c - a potion of magic {unknown}
 d - 2 potions of curing {unknown}
 g - 2 potions of cure mutation {unknown}
Comestibles
 b - 2 bread rations


   Skills:
 + Level 4.8 Fighting
 + Level 2.8 Long Blades
 - Level 2.1 Dodging
 - Level 2.0 Invocations


You had 2 spell levels left.
You didn't know any spells.

Dungeon Overview and Level Annotations

Branches:
Dungeon (3/15)

Altars:
Dithmenos
Sif Muna
The Shining One


Innate Abilities, Weirdness & Mutations

Your plain brown scales are hard. (AC +5)
Your body does not fit into most forms of armour.
You are cold-blooded and may be slowed by cold attacks.


Message History

The orc wizard hits you but does no damage.
You closely miss the orc wizard.
The orc wizard hits you but does no damage.
You hit the orc wizard but do no damage.
Your tail-slap misses the orc wizard.
The orc wizard hits you but does no damage.
The orc hits you but does no damage.
You barely miss the orc wizard. You tail-slap the orc wizard.
The orc wizard is moderately wounded.
The orc wizard hits you with a dagger. The orc hits you but does no damage.
You slash the orc wizard!
The orc wizard is severely wounded.
The orc completely misses you.
Found a scroll of identify.
You barely miss the orc wizard.
The orc wizard is severely wounded.
The orc wizard barely misses you.
The orc priest calls down the wrath of Beogh upon you.
Beogh smites you!
You die...

#######.#.#.#
#.#.#.#
#.#.#.#
#.#.#.#
#.#...# #
#.##..###....?
#......#..#
##.####.....
#.oo@....##
#o.#######
#..# ....#
#o##.# #. #.#
# #.# #.# ..#


You could see an orc priest, an orc wizard and 2 orcs.

Vanquished Creatures
  2 adders
  A worm (D:3)
  2 dart slugs
  3 giant geckos
  2 bats (D:1)
  A giant cockroach (D:3)
  7 hobgoblins
  6 kobolds
  A quokka (D:2)
  A giant newt (D:1)
  7 goblins (D:1)
  A rat (D:1)
34 creatures vanquished.

Notes
Turn   | Place    | Note
--------------------------------------------------------------
     0 | Abyss:1  | Musica the Draconian Abyssal Knight began the quest for the Orb.
     0 | Abyss:1  | Reached XP level 1. HP: 19/19 MP: 2/2
    26 | D:1      | Escaped the Abyss
    67 | D:1      | Found a glowing golden altar of the Shining One.
   190 | D:1      | Reached XP level 2. HP: 23/27 MP: 3/3
   368 | D:1      | Reached skill level 4 in Fighting
   535 | D:1      | Reached ** piety under Lugonu
   856 | D:1      | Reached XP level 3. HP: 27/33 MP: 4/4
  1012 | D:2      | Found a deep blue altar of Sif Muna.
  1013 | D:2      | Found a shadowy altar of Dithmenos.
  1575 | D:3      | Killed from afar by an orc priest

Vault maps used:
D:1:      dpeg_arrival_simpleton_b, tso_metal_star
D:2:      grunt_temple_overflow_open, makhleb_altar_promises_db,
          roderic_serpentine_path
D:3:      gammafunk_temple_overflow_wave, portal_sewer_entry_b,
          kennysheep_generic_room_14

Skill      XL: |  1  2 |
---------------+-------+-----
Fighting       | 4 |  4.8
Long Blades    | |  2.8
Dodging        | |  2.1
Invocations    | |  2.0

Action                   || total
-------------------------++-------
Melee: Falchion          ||   103
       Tailslap          ||    13
  Use: Scroll            ||     4
  Eat: Chunk             ||     1
Armor: Skin              ||    25
Dodge: Dodged            ||    75
